 Dungeon Crawl Stone Soup version 0.23.1-37-gaa34b87b72 (webtiles) character file.

Game seed: 0

608530 fluff the Minotaur Porcupine (level 26, 0/253 HPs)
             Began as a Minotaur Fighter on Mar 15, 2019.
             Was the Champion of the Shining One.
             Succumbed to a green draconian's poison
             ... on level 5 of the Depths on Mar 19, 2019.
             The game lasted 07:07:08 (68782 turns).

fluff the Minotaur Porcupine (Minotaur Fighter)    Turns: 68782, Time: 07:07:09

Health: 0/253      AC: 42    Str: 30    XL:     26   Next: 69%
Magic:  21/31      EV: 13    Int:  3    God:    the Shining One [******]
Gold:   1744       SH: 36    Dex: 13    Spells: 23/25 levels left

rFire    + + +     SeeInvis .   x - +9 trishula (holy)
rCold    + + .     Gourm    .   H - +7 large shield of Infinity {rF++ rN+ Int-2}
rNeg     + + +     Faith    .   z - +3 crystal plate armour
rPois    +         Spirit   .   Q - +0 hat {MR+}
rElec    .         Reflect  +   a - scarf {cloud immunity}
rCorr    +         Harm     .   X - +2 pair of gloves of Deaxium {rC+ MR+ rCorr}
MR       +++..                  W - +2 pair of boots {run}
Stlth    ..........             l - +4 amulet of reflection
HPRegen  0.00/turn              V - ring "Akhlismus" {+Blink rF+ AC+3 Stlth+}
MPRegen  0.22/turn              U - ring "Wiod" {+Fly rPois rC+}

@: lethally poisoned (0 -> -34), glowing, quick
A: retaliatory headbutt, horns 2, talons 1, poison resistance, inhibited
regeneration, evolution 1
}: 3/15 runes: decaying, serpentine, silver
a: Divine Shield, Cleansing Flame, Summon Divine Warrior, Renounce Religion,
Evoke Blink, Evoke Flight


You were on level 5 of the Depths.
You worshipped the Shining One.
The Shining One was exalted by your worship.
You were not hungry.

You visited 10 branches of the dungeon, and saw 46 of its levels.
You visited the Abyss 1 time.
You visited 2 bazaars.
You also visited: Volcano.

You collected 6312 gold pieces.
You spent 4568 gold pieces at shops.

Inventory:

Hand Weapons
 x - a +9 trishula of holy wrath (weapon)
Missiles
 S - 20 javelins of returning (quivered)
Armour
 a - a scarf of cloud immunity (worn)
 z - a +3 crystal plate armour (worn)
 H - the +7 large shield of Infinity (worn) {rF++ rN+ Int-2}
   (You took it off a daeva on level 3 of the Abyss)

   It affects your intelligence (-2).
   It greatly protects you from fire.
   It protects you from negative energy.
 Q - a +0 hat of magic resistance (worn)
 W - a +2 pair of boots of running (worn)
 X - the +2 pair of gloves of Deaxium (worn) {rC+ MR+ rCorr}
   (You found it on level 4 of the Lair of Beasts)

   It protects you from cold.
   It affects your resistance to hostile enchantments.
   It provides partial protection from all sources of acid and corrosion.
Jewellery
 h - an uncursed ring of protection from cold
 l - a +4 amulet of reflection (around neck)
 N - an uncursed ring of protection from magic
 U - the ring "Wiod" (right hand) {+Fly rPois rC+}
   (You bought it in a shop on level 2 of the Orcish Mines)

   [ring of flight]

   It protects you from cold.
   It protects you from poison.
   It lets you fly.
 V - the ring "Akhlismus" (left hand) {+Blink rF+ AC+3 Stlth+}
   (You found it on level 2 of the Depths)

   [ring of protection]

   It affects your AC (+3).
   It protects you from fire.
   It lets you blink.
   It makes you more stealthy.
Wands
 c - a wand of scattershot (12)
 p - a wand of digging (24)
 y - a wand of disintegration (9)
 D - a wand of acid (33)
 G - a wand of paralysis (6)
 I - a wand of flame (100)
 J - a wand of polymorph (27)
 L - a wand of iceblast (64)
 Y - a wand of enslavement (22)
Scrolls
 i - a scroll of amnesia
 j - 8 scrolls of blinking
 n - 21 scrolls of remove curse
 o - 6 scrolls of fear
 q - 13 scrolls of teleportation
 B - 4 scrolls of summoning
 E - 3 scrolls of magic mapping
 M - 44 scrolls of identify
 Z - 2 scrolls of fog
Potions
 d - 6 potions of might
 e - 12 potions of flight
 g - 11 potions of curing
 k - 3 potions of magic
 m - 10 potions of haste
 r - 5 potions of lignification
 s - 7 potions of agility
 t - 4 potions of berserk rage
 w - 9 potions of brilliance
 C - 2 potions of cancellation
 F - a potion of ambrosia
 K - a potion of resistance
Miscellaneous
 b - 3 phantom mirrors
Comestibles
 f - 86 rations


   Skills:
 + Level 23.7 Fighting
 O Level 27 Polearms
 - Level 11.5 Throwing
 - Level 22.0 Armour
 - Level 14.0 Dodging
 - Level 22.0 Shields
 - Level 3.6 Translocations
 - Level 13.0 Invocations
 - Level 10.0 Evocations


You had 23 spell levels left.
You knew the following spells:

 Your Spells              Type           Power        Failure   Level  Hunger
a - Blink                 Tloc           N/A          95%         2    ###....

Your spell library contained the following spells:

 Spells                   Type           Power        Failure   Level  Hunger
 Apportation              Tloc           #.....       86%         1    ##.....
 Shroud of Golubria       Chrm/Tloc      #.........   99%         2    ###....
 Gell's Gravitas          Tloc           #.........   99%         3    ####...
 Lesser Beckoning         Tloc           #.........   99%         3    ####...
 Teleport Other           Tloc           #.......     99%         3    ####...
 Animate Skeleton         Necr           N/A          100%        1    ##.....
 Confusing Touch          Hex            #.....       100%        1    ##.....
 Corona                   Hex            #......      100%        1    ##.....
 Infusion                 Chrm           #...         100%        1    ##.....
 Magic Dart               Conj           #...         100%        1    ##.....
 Sting                    Conj/Pois      #...         100%        1    ##.....
 Summon Butterflies       Summ           #.......     100%        1    ##.....
 Summon Small Mammal      Summ           #...         100%        1    ##.....
 Call Imp                 Summ           #.......     100%        2    ###....
 Corpse Rot               Necr           N/A          100%        2    ###....
 Ensorcelled Hibernation  Hex/Ice        #.....       100%        2    ###....
 Passwall                 Tmut/Erth      #.......     100%        2    ###....
 Poisonous Vapours        Pois/Air       #.....       100%        2    ###....
 Slow                     Hex            #.......     100%        2    ###....
 Sticks to Snakes         Tmut           #.......     100%        2    ###....
 Sublimation of Blood     Necr           #.........   100%        2    ###....
 Swiftness                Chrm/Air       #.......     100%        2    ###....
 Call Canine Familiar     Summ           #.......     100%        3    ####...
 Confuse                  Hex            #.......     100%        3    ####...
 Conjure Flame            Conj/Fire      #.......     100%        3    ####...
 Dazzling Spray           Conj/Hex       #.....       100%        3    ####...
 Inner Flame              Hex/Fire       #.......     100%        3    ####...
 Mephitic Cloud           Conj/Pois/Air  #.......     100%        3    ####...
 Portal Projectile        Hex/Tloc       #.....       100%        3    ####...
 Recall                   Summ/Tloc      N/A          100%        3    ####...
 Spectral Weapon          Hex/Chrm       #.......     100%        3    ####...
 Static Discharge         Conj/Air       #.......     100%        3    ####...
 Stone Arrow              Conj/Erth      #.....       100%        3    ####...
 Tukima's Dance           Hex            #.......     100%        3    ####...
 Animate Dead             Necr           N/A          100%        4    #####..
 Cause Fear               Hex            #.........   100%        4    #####..
 Force Lance              Conj/Tloc      #.......     100%        4    #####..
 Leda's Liquefaction      Hex/Erth       #.........   100%        4    #####..
 Olgreb's Toxic Radiance  Pois           #.......     100%        4    #####..
 Passage of Golubria      Tloc           N/A          100%        4    #####..
 Petrify                  Tmut/Erth      #.......     100%        4    #####..
 Summon Ice Beast         Ice/Summ       #.......     100%        4    #####..
 Summon Lightning Spire   Summ/Air       #.......     100%        4    #####..
 Agony                    Necr           #.......     100%        5    ######.
 Blade Hands              Tmut           #.........   100%        5    ######.
 Bolt of Draining         Conj/Necr      #.........   100%        5    ######.
 Bolt of Magma            Conj/Fire/Erth #.........   100%        5    ######.
 Borgnjor's Vile Clutch   Necr/Erth      #.........   100%        5    ######.
 Dispel Undead            Necr           #.......     100%        5    ######.
 Excruciating Wounds      Chrm/Necr      #.........   100%        5    ######.
 Irradiate                Conj/Tmut      #.........   100%        5    ######.
 Lee's Rapid Deconstruct  Erth           #.........   100%        5    ######.
 Lightning Bolt           Conj/Air       #.........   100%        5    ######.
 Metabolic Englaciation   Hex/Ice        #.........   100%        5    ######.
 Summon Demon             Summ           #.........   100%        5    ######.
 Summon Forest            Summ/Tloc      #.........   100%        5    ######.
 Summon Mana Viper        Hex/Summ       #.......     100%        5    ######.
 Venom Bolt               Conj/Pois      #.........   100%        5    ######.
 Yara's Violent Unravell  Hex/Tmut       #.........   100%        5    ######.
 Darkness                 Hex            #.........   100%        6    #######
 Death Channel            Necr           #.........   100%        6    #######
 Deflect Missiles         Chrm/Air       #.........   100%        6    #######
 Dispersal                Tloc           #.........   100%        6    #######
 Hydra Form               Tmut           #.........   100%        6    #######
 Invisibility             Hex            #.......     100%        6    #######
 Iron Shot                Conj/Erth      #.........   100%        6    #######
 Simulacrum               Ice/Necr       #.........   100%        6    #######
 Statue Form              Tmut/Erth      #........    100%        6    #######
 Dragon Form              Tmut           #.........   100%        7    #######
 Summon Hydra             Summ           #.........   100%        7    #######
 Controlled Blink         Tloc           N/A          100%        8    #######
 Disjunction              Tloc           #.........   100%        8    #######
 Ignition                 Fire           #.........   100%        8    #######
 Shatter                  Erth           #.........   100%        9    #######
 Tornado                  Air            #.........   100%        9    #######


Dungeon Overview and Level Annotations

Branches:
Dungeon (15/15)            Temple (1/1) D:5            Lair (6/6) D:11
  Swamp (4/4) Lair:4        Snake (4/4) Lair:4        Slime (0/5) Lair:6
    Orc (2/2) D:10            Elf (3/3) Orc:2        Vaults (5/5) D:14
  Crypt (0/3) Vaults:2     Depths (5/5) D:15            Zot (1/5) Depths:5

Altars:
Ashenzari
Cheibriados
Dithmenos
Elyvilon
Fedhas
Gozag
Hepliaklqana
Kikubaaqudgha
Makhleb
Nemelex Xobeh
Okawaru
Qazlal
Ru
Sif Muna
Trog
Uskayaw
Vehumet
Wu Jian
Xom
Yredelemnul
Zin
The Shining One
Beogh

Shops:
D:6 ?   Orc:2 =(*[=   Elf:2 *   Vaults:1 %   Vaults:3 [(   Depths:1 %
Depths:4 *([

Portals:
Hell: Depths:1 Depths:2 Depths:3 Depths:4 Depths:5
Abyss: Depths:3 Depths:4
Pandemonium: Depths:3
Ziggurat: Depths:2
Trove: Elf:1 (give +2 ice dragon scales)


Innate Abilities, Weirdness & Mutations

You reflexively headbutt those who attack you in melee.
You have a pair of horns on your head.
You have sharp toenails.
Your system is resistant to poisons. (rPois)
You do not regenerate when monsters are visible.
You evolve.


Message History

You furiously retaliate!
You headbutt the red draconian annihilator, but do no damage.
The green draconian barely misses you. You furiously retaliate!
You headbutt the green draconian.
The green draconian completely misses you.
You go up through the gate.
Welcome back to the Depths!
* * * LOW HITPOINT WARNING * * *
You feel very sick.
There is a gate to the Realm of Zot, spattered with blood here.
* * * LOW HITPOINT WARNING * * *
You feel sick.
You block the shadow dragon's attack. x3
You block the golden dragon's attack. x2
The golden dragon tramples you but does no damage.
You block the golden dragon's attack. The golden dragon claws you.
* * * LOW HITPOINT WARNING * * *
The golden dragon closely misses you.
* * * LOW HITPOINT WARNING * * *
You feel sick.
There is an open door here.
You die...

....#.##########.#########.##.#
....#.#...#.###...###...#...#.#
....+....#...##...##...#....#.#
....###..#..).).♣...#..#....#.#
....##.##.##....[..#.##.##..#.#
'#####...#.(#.......#..#..#.#.#
.# #...#(.######..#..#..).#.# .#
##.#.###....##.###...#.#.### .#
##.#......@.#..#...##...... [#
###....#####'#..#...##...### .#
#.....##.'d*D#..#...........
'#####..⌠..#..#Dqd#..#..⌠..#.....
....##[....#..#...'.##.....#..#..
....####...#..#'#####....##...#.#
....# ##...#..#........#.#....#.#
....###...###.##....###.#.....#)#
+#'###...#..#..######..#.........


You could see a golden dragon (berserk) and a green draconian (berserk).

Vanquished Creatures
  A juggernaut (Depths:2)
  An ancient lich (Vaults:4)
  Vashnia (Snake:4)
  Bai Suzhen (Swamp:4)
  4 golden dragons
  4 bone dragons
  A hellephant (Abyss:4)
  Rupert (D:14)
  10 liches
  Jorgrun (Snake:1)
  11 tentacled monstrosities
  6 titans
  2 deep elf blademasters (Elf:3)
  A kraken (Abyss:5)
  A deep elf master archer (Elf:3)
  4 sphinxes
  Gastronok (Lair:1)
  7 tentacled starspawn
  3 quicksilver dragons
  Kirke (Lair:6)
  An Executioner (Abyss:4)
  6 storm dragons
  2 thorn hunters (Swamp:4)
  2 tengu reavers
  Roxanne (Swamp:3)
  4 shadow dragons
  9 nagarajas
  14 vault wardens
  A daeva (Abyss:3)
  5 deep elf sorcerers
  7 fire giants
  8 frost giants
  A cacodemon (Abyss:2)
  5 iron dragons
  A draconian knight (Depths:5)
  An orc warlord (Orc:2)
  3 deep elf elementalists
  Aizul (Snake:4)
  Louise (Depths:4)
  A ghost moth (Depths:5)
  19 ironheart preservers
  20 very ugly things
  17 stone giants
  An entropy weaver (Vaults:2)
  A war gargoyle (Vaults:4)
  The ghost of drd the Carver, a journeyman DsBe of Trog (Elf:1)
  3 vampire knights
  The ghost of rayg00n the Frost Mage, a journeyman MfIE of Vehumet (Orc:1)
  An entropy weaver (shapeshifter) (Vaults:4)
  9 deep elf annihilators
  3 black draconians
  A green draconian (Depths:5)
  6 deep elf demonologists
  A lorocyproca (Abyss:2)
  4 red draconians
  3 yellow draconians
  3 purple draconians
  4 spark wasps
  A dire elephant (Lair:6)
  An eidolon (Abyss:4)
  17 ettins
  2 green deaths (Abyss:4)
  3 deep elf death magi
  An ettin (shapeshifter) (Vaults:5)
  14 fire dragons
  10 yaktaur captains
  5 deep elf high priests
  A merfolk javelineer (Depths:1)
  A great orb of eyes (shapeshifter) (Vaults:4)
  A merfolk impaler (Depths:1)
  A hell beast (Depths:1)
  6 great orbs of eyes
  12 ice dragons
  11 rakshasas
  Harold (D:8)
  15 naga warriors
  34 vault guards
  4 shambling mangroves
  32 hydras
  3 ghost crabs
  5 spriggan air magi
  6 centaur warriors
  18 alligators
  An anaconda (shapeshifter) (Depths:4)
  43 two-headed ogres
  2 death knights
  Erica (D:8)
  9 anacondas
  6 death yaks
  22 dancing weapons
  6 tengu warriors
  A queen ant (shapeshifter) (Depths:4)
  8 deep troll shamans
  3 hell hogs (Abyss:2)
  15 ogre magi
  21 thrashing horrors
  A shock serpent (shapeshifter) (D:15)
  5 spriggan berserkers
  5 deep troll earth magi
  5 shock serpents
  2 soul eaters
  Nergalle (Lair:2)
  16 deep elf knights
  19 naga sharpshooters
  7 orc high priests
  4 hell knights (Depths:4)
  15 wretched stars
  A fire crab (Abyss:5)
  An iron troll (Depths:2)
  2 shadow wraiths
  A storm dragon skeleton (Vaults:5)
  An unseen horror (shapeshifter) (D:13)
  6 unseen horrors
  2 spatial maelstroms (Abyss:4)
  6 salamander mystics
  21 deep trolls
  A death drake (shapeshifter) (Depths:2)
  A spriggan druid (Swamp:4)
  6 swamp dragons
  10 deep elf archers
  9 wizards
  6 glowing orange brains
  A shadow demon (Abyss:4)
  9 flayed ghosts
  A glowing orange brain (shapeshifter) (Depths:2)
  5 phantasmal warriors (Vaults:5)
  5 naga ritualists
  2 golden dragon skeletons
  11 ironbrand convokers
  Pikel (D:6)
  13 orc knights
  49 deep elf magi
  7 necromancers
  An orb spider (shapeshifter) (Vaults:4)
  5 mana vipers
  A shining eye (shapeshifter) (Depths:4)
  38 ugly things
  2 wolf spider zombies
  7 worldbinders
  6 orc sorcerers
  3 wolf spiders
  2 manticores
  8 cyclopes
  5 moths of wrath (Zot:1)
  17 salamanders
  4 elephants (Lair:5)
  Maurice (D:8)
  2 rust devils
  3 centaur zombies
  4 guardian serpents
  18 naga magi
  A torpor snail (Lair:6)
  13 vault sentinels
  2 apocalypse crabs
  4 smoke demons
  16 spiny frogs
  29 black mambas
  An orange demon (Abyss:4)
  2 molten gargoyles (Volcano)
  5 spectral swamp worms (Depths:2)
  2 kobold demonologists
  A spiny frog (shapeshifter) (Abyss:2)
  3 gargoyles
  A storm dragon simulacrum (Vaults:2)
  A komodo dragon (shapeshifter) (Depths:4)
  8 rime drakes
  9 komodo dragons
  3 efreet
  A tormentor (Abyss:3)
  A yaktaur skeleton (Vaults:5)
  6 freezing wraiths
  A hellwing (Abyss:2)
  54 yaktaurs
  An elf skeleton (Vaults:5)
  A red devil (Depths:1)
  2 trolls (shapeshifter)
  7 ancient zymes (Abyss:4)
  8 trolls
  A hydra zombie (Abyss:4)
  3 tengu conjurers
  2 hornets (shapeshifter)
  6 polar bears
  17 hornets
  A wind drake (shapeshifter) (Depths:2)
  Prince Ribbit (D:7)
  A polar bear (shapeshifter) (Vaults:1)
  A fire giant simulacrum (Vaults:2)
  62 slime creatures
  15 blink frogs
  8 tyrant leeches
  16 hippogriffs
  A blink frog (shapeshifter) (Depths:2)
  10 bog bodies
  29 raiju
  5 dream sheep (Lair:6)
  3 air elementals
  6 shadows
  2 redbacks (Vaults:2)
  A redback (shapeshifter) (Vaults:5)
  A fire dragon zombie (Depths:1)
  33 starcursed masses
  A centaur simulacrum (D:14)
  18 spriggans
  A tarantella (Vaults:2)
  5 ynoxinuls
  6 basilisks
  7 water elementals
  6 wraiths
  56 yaks
  3 fire elementals
  An elf zombie (Vaults:5)
  16 humans (D:14)
  10 wyverns
  5 fire bats
  3 hungry ghosts
  A basilisk (shapeshifter) (D:15)
  A deep troll skeleton (Depths:1)
  2 neqoxecs (Abyss:2)
  A steam dragon (Lair:4)
  37 vampire mosquitoes
  7 chaos spawn
  Grum (D:10)
  15 swamp worms
  3 wargs
  A soldier ant (D:15)
  5 insubstantial wisps
  5 spatial vortices (Abyss:4)
  24 large abominations
  3 acid dragons
  A floating eye (Depths:2)
  66 nagas
  3 hell hounds (D:15)
  7 water moccasins
  A floating eye (shapeshifter) (Vaults:5)
  8 porcupines
  3 slaves (D:6)
  An ice beast (shapeshifter) (Vaults:3)
  3 sky beasts
  5 eyes of draining
  2 black bears (shapeshifter)
  11 swamp drakes
  5 black bears
  An ogre (shapeshifter) (Abyss:4)
  10 ice beasts
  43 orc warriors
  3 phantoms
  An ettin simulacrum (Depths:1)
  A necrophage (D:13)
  22 boggarts
  40 ogres
  32 wolves
  9 centaurs
  18 small abominations
  8 crocodiles
  4 big kobolds
  Blork the orc (D:5)
  A human zombie (Vaults:5)
  16 bullfrogs
  2 deep troll simulacra
  A wyvern zombie (D:5)
  A wyvern skeleton (D:11)
  7 scorpions
  12 killer bees
  3 wights
  A vampire bat (D:4)
  4 crimson imps
  5 lava snakes (Volcano)
  A human simulacrum (Vaults:1)
  7 jellies
  A quasit (D:10)
  4 bullfrog zombies
  8 hounds
  A yaktaur simulacrum (Vaults:1)
  Crazy Yiuf (D:5)
  6 bullfrog skeletons
  13 human skeletons
  31 orc priests
  5 centaur skeletons
  3 iron imps
  An iguana (D:5)
  29 orc wizards
  8 worker ants
  A hound skeleton (D:8)
  A worker ant zombie (D:8)
  7 gnolls
  14 adders
  9 shadow imps
  A white imp (Abyss:4)
  An ufetubus (Abyss:4)
  An ooze (D:2)
  2 adder zombies
  An adder skeleton (D:7)
  10 leopard geckos
  115 orcs
  5 giant cockroaches
  9 goblins
  6 hobgoblins
  10 jackals
  6 quokkas
  A ball python (D:2)
  15 bats
  7 frilled lizards
  A jackal skeleton (D:6)
  20 kobolds
  A quokka skeleton (D:4)
  8 rats
  4 crawling corpses
  A lurking horror (Abyss:3)
  2 starspawn tentacles
2354 creatures vanquished.

Vanquished Creatures (collateral kills)
  Mennas (Vaults:2)
  Saint Roka (Vaults:4)
  A lich (Depths:2)
  A vault warden (Vaults:4)
  3 very ugly things
  A vampire knight (Depths:3)
  4 deep elf annihilators (Elf:3)
  A deep elf demonologist (Elf:3)
  An ettin (Vaults:4)
  A deep elf death mage (Elf:3)
  A yaktaur captain (Depths:2)
  An ice dragon (Vaults:4)
  A rakshasa (Depths:3)
  A two-headed ogre (Vaults:4)
  A small abomination (Elf:3)
  A tengu warrior (Depths:1)
  A thrashing horror (Abyss:4)
  A deep elf knight (Elf:3)
  A glowing orange brain (Depths:2)
  A flayed ghost (Vaults:4)
  A wizard (Depths:2)
  3 deep trolls (Vaults:4)
  A deep elf archer (Elf:3)
  A deep elf mage (Elf:3)
  3 ugly things (Vaults:2)
  A worldbinder (Abyss:4)
  A vault sentinel (Vaults:4)
  5 yaktaurs
  A tengu conjurer (Depths:2)
  A hippogriff (shapeshifter) (Vaults:4)
  4 slime creatures (Depths:3)
  A wraith (Abyss:4)
  A hog (shapeshifter) (Vaults:4)
  A neqoxec (Abyss:4)
  An ogre (Vaults:4)
  An orc priest (Vaults:4)
  A starspawn tentacle (Abyss:5)
53 creatures vanquished.

Vanquished Creatures (others)
  Nikola (Snake:4)
  A tentacled monstrosity (Depths:4)
  A deep elf blademaster (Elf:2)
  A tentacled starspawn (Abyss:5)
  2 stone giants
  4 yaktaur captains
  2 centaur warriors
  A rakshasa (Abyss:4)
  3 thrashing horrors (Abyss:5)
  A naga ritualist (Snake:2)
  A deep elf archer (Vaults:5)
  A vault sentinel (Vaults:5)
  A black mamba (Snake:4)
  7 yaktaurs
  3 small abominations (Abyss:4)
  2 spriggans
  A spatial vortex (Abyss:4)
  A slave (D:6)
  A wolf (Lair:6)
  3 humans
  A bullfrog (D:6)
  11 fungi
  7 plants
  23 starspawn tentacles
  6 tentacles (Abyss:5)
86 creatures vanquished.

Grand Total: 2493 creatures vanquished

Notes
Turn   | Place    | Note
-------+----------+-------------------------------------------
     0 | D:1      | fluff the Minotaur Fighter began the quest for the Orb.
     0 | D:1      | Reached XP level 1. HP: 19/19 MP: 0/0
   100 | D:1      | Reached skill level 3 in Polearms
   257 | D:1      | Reached XP level 2. HP: 26/26 MP: 1/1
   668 | D:1      | Reached skill level 4 in Polearms
   668 | D:1      | Reached XP level 3. HP: 10/31 MP: 2/2
  1185 | D:2      | Reached skill level 5 in Polearms
  1451 | D:2      | Reached XP level 4. HP: 39/39 MP: 3/3
  1587 | D:2      | Found a blossoming altar of Fedhas.
  1943 | D:3      | Reached skill level 6 in Polearms
  2280 | D:3      | Reached XP level 5. HP: 41/45 MP: 4/4
  2704 | D:4      | Reached skill level 7 in Polearms
  2858 | D:4      | Noticed an ogre
  2868 | D:4      | Killed an ogre
  2868 | D:4      | Reached skill level 8 in Polearms
  2868 | D:4      | Reached XP level 6. HP: 51/51 MP: 5/5
  3543 | D:4      | Reached skill level 9 in Polearms
  3543 | D:4      | Reached XP level 7. HP: 27/57 MP: 6/6
  3940 | D:5      | Entered Level 5 of the Dungeon
  3941 | D:5      | Found a sparkling altar of Nemelex Xobeh.
  3968 | D:5      | Learned a level 2 spell: Blink
  4033 | D:5      | Noticed Blork the orc
  4057 | D:5      | Killed Blork the orc
  4463 | D:5      | Reached skill level 1 in Translocations
  4522 | D:5      | Found a staircase to the Ecumenical Temple.
  4532 | Temple   | Entered the Ecumenical Temple
  4677 | Temple   | Became a worshipper of the Shining One
  4749 | D:5      | Reached skill level 10 in Polearms
  5078 | D:5      | Found an ancient bone altar of Kikubaaqudgha.
  5078 | D:5      | Noticed a human
  5086 | D:5      | Killed a human
  5092 | D:5      | Found a runed translucent door.
  5093 | D:5      | Noticed Crazy Yiuf
  5101 | D:5      | Killed Crazy Yiuf
  5326 | D:5      | Reached XP level 8. HP: 66/67 MP: 7/7
  5453 | D:6      | Reached skill level 5 in Fighting
  5554 | D:6      | Noticed Pikel
  5567 | D:6      | Killed Pikel
  5567 | D:6      | Reached skill level 11 in Polearms
  5567 | D:6      | Reached skill level 5 in Armour
  5567 | D:6      | Reached skill level 5 in Shields
  5642 | D:6      | Reached XP level 9. HP: 75/75 MP: 8/8
  5662 | D:6      | Found Xerhu's Magic Scroll Shoppe.
  5679 | D:6      | Bought a scroll of identify for 22 gold pieces
  5679 | D:6      | Bought a scroll of identify for 22 gold pieces
  5679 | D:6      | Bought a scroll of magic mapping for 38 gold pieces
  5679 | D:6      | Bought a scroll of enchant armour for 82 gold pieces
  5679 | D:6      | Bought a scroll of identify for 22 gold pieces
  5894 | D:6      | Reached * piety under the Shining One
  6325 | D:7      | Found a hazy altar of Hepliaklqana.
  6632 | D:7      | Noticed Prince Ribbit
  6639 | D:7      | Killed Prince Ribbit
  6800 | D:7      | Reached skill level 12 in Polearms
  7143 | D:7      | Reached ** piety under the Shining One
  7541 | D:8      | Reached XP level 10. HP: 86/86 MP: 9/9
  7562 | D:8      | Noticed Maurice
  7574 | D:8      | Killed Maurice
  8018 | D:8      | Noticed Erica
  8027 | D:8      | Killed Erica
  8027 | D:8      | Reached skill level 13 in Polearms
  8297 | D:8      | Found a stormy altar of Qazlal.
  8310 | D:8      | Found a deep blue altar of Sif Muna.
  8541 | D:8      | Reached *** piety under the Shining One
  8808 | D:9      | Noticed Harold
  8854 | D:8      | Killed Harold
  9289 | D:9      | Reached skill level 5 in Dodging
  9289 | D:9      | Reached XP level 11. HP: 87/95 MP: 10/10
  9410 | D:9      | Noticed a +0 dagger
  9410 | D:9      | Noticed a +0 dagger
  9419 | D:9      | Found a hide-covered altar of Uskayaw.
  9859 | D:10     | Entered Level 10 of the Dungeon
 10103 | D:10     | Reached **** piety under the Shining One
 10115 | D:10     | Reached skill level 14 in Polearms
 10126 | D:10     | Found a staircase to the Orcish Mines.
 10346 | D:10     | Found a stormy altar of Qazlal.
 10508 | D:10     | Noticed Grum
 10513 | D:10     | Killed Grum
 10584 | D:10     | Noticed an unseen horror
 10596 | D:10     | Killed an unseen horror
 10887 | D:11     | Found a staircase to the Lair.
 10928 | D:11     | Noticed a four-headed hydra
 10936 | D:11     | Killed a four-headed hydra
 11166 | D:11     | Noticed a seven-headed hydra
 11179 | D:11     | Killed a seven-headed hydra
 11381 | D:11     | Noticed a six-headed hydra
 11395 | D:11     | Killed a six-headed hydra
 11521 | D:11     | Reached ***** piety under the Shining One
 11565 | D:11     | Reached skill level 15 in Polearms
 11681 | D:11     | Reached XP level 12. HP: 96/106 MP: 0/11
 11791 | D:11     | Noticed a two-headed ogre
 11818 | D:11     | Killed a two-headed ogre
 11818 | D:11     | Reached skill level 10 in Fighting
 12080 | D:11     | Got an ancient quarterstaff
 12086 | D:11     | Identified the cursed +0 quarterstaff of Integrity {elec,
                  | rC+} (You found it on level 11 of the Dungeon)
 12206 | D:11     | Noticed a four-headed hydra
 12215 | D:11     | Killed a four-headed hydra
 12608 | Lair:1   | Entered Level 1 of the Lair of Beasts
 12722 | Lair:1   | Noticed an eight-headed hydra
 12744 | Lair:1   | Killed an eight-headed hydra
 12868 | Lair:1   | Noticed Gastronok
 12892 | Lair:1   | Killed Gastronok
 12892 | Lair:1   | Reached skill level 10 in Armour
 12892 | Lair:1   | Reached skill level 10 in Shields
 13295 | Lair:1   | Reached skill level 16 in Polearms
 13877 | Lair:2   | Reached skill level 10 in Dodging
 14126 | Lair:2   | Noticed a death yak
 14150 | Lair:2   | Noticed a death yak
 14151 | Lair:2   | Killed a death yak
 14164 | Lair:2   | Noticed a death yak
 14169 | Lair:2   | Killed a death yak
 14177 | Lair:2   | Killed a death yak
 14313 | Lair:2   | Reached XP level 13. HP: 102/116 MP: 12/12
 14456 | Lair:2   | Noticed Nergalle
 14474 | Lair:2   | Killed Nergalle
 16587 | Lair:4   | Reached skill level 17 in Polearms
 16806 | Lair:4   | Found a staircase to the Snake Pit.
 17249 | Lair:4   | Got a pair of fine gloves
 17255 | Lair:4   | Identified the +2 pair of gloves of Deaxium {rC+ MR+ rCorr}
                  | (You found it on level 4 of the Lair of Beasts)
 17698 | Lair:4   | Found a staircase to the Swamp.
 18648 | Lair:6   | Entered Level 6 of the Lair of Beasts
 18648 | Lair:6   | Found a staircase to the Slime Pits.
 18658 | Lair:6   | Noticed a dire elephant
 18688 | Lair:6   | Found a dark tunnel.
 18697 | Volcano  | Entered a volcano
 19368 | Volcano  | Found a burning altar of Makhleb.
 19687 | Volcano  | Reached XP level 14. HP: 111/126 MP: 13/13
 20727 | Lair:6   | Reached skill level 18 in Polearms
 20862 | Lair:6   | Noticed Kirke
 20885 | Lair:6   | Killed Kirke
 21004 | Lair:6   | Reached ****** piety under the Shining One
 22433 | Lair:6   | Identified a scroll of acquirement
 23363 | Orc:1    | Entered Level 1 of the Orcish Mines
 24126 | Orc:1    | Found a runed translucent door.
 24128 | Orc:1    | Noticed rayg00n's ghost (journeyman MfIE)
 24151 | Orc:1    | Killed rayg00n's ghost
 24151 | Orc:1    | Reached skill level 1 in Invocations
 24222 | Orc:1    | Found a roughly hewn altar of Beogh.
 24333 | Orc:2    | Entered Level 2 of the Orcish Mines
 24417 | Orc:2    | Found Jicuas's Jewellery Shop.
 24574 | Orc:2    | Found a staircase to the Elven Halls.
 24813 | Orc:2    | Noticed an orc warlord
 24824 | Orc:2    | Reached XP level 15. HP: 118/135 MP: 15/15
 24837 | Orc:2    | Killed an orc warlord
 24893 | Orc:2    | Gained mutation: Armour fits poorly on your strangely
                  | shaped body. [a neqoxec]
 24897 | Orc:2    | Reached skill level 19 in Polearms
 25656 | Orc:2    | Found Faghem's General Store.
 25657 | Orc:2    | Found Dykomaha's Jewellery Shop.
 25658 | Orc:2    | Found Homihed's Antique Armour Boutique.
 25658 | Orc:2    | Found Etzamoc's Antique Weapon Boutique.
 25712 | Orc:2    | Bought a +0 crystal plate armour for 1360 gold pieces
 26532 | D:13     | Paralysed by a hornet for 1 turns
 27144 | D:14     | Noticed Rupert
 27168 | D:14     | Killed Rupert
 27580 | D:14     | Found a gate to the Vaults.
 27980 | D:15     | Entered Level 15 of the Dungeon
 28034 | D:15     | Got a slimy iron ring
 28446 | D:15     | Reached XP level 16. HP: 146/146 MP: 18/18
 28485 | D:15     | Reached skill level 20 in Polearms
 28724 | D:15     | Reached skill level 5 in Invocations
 28725 | D:15     | Found a staircase to the Depths.
 29358 | D:15     | Found a sacrificial altar of Ru.
 30086 | Orc:2    | Bought the ring "Wiod" {+Fly rPois rC+} for 357 gold pieces
 30087 | Orc:2    | Identified the ring "Heerghigh" {rN+ Dex+3} (You found it
                  | on level 15 of the Dungeon)
 30273 | Swamp:1  | Entered Level 1 of the Swamp
 30508 | Swamp:1  | Reached skill level 1 in Evocations
 31934 | Swamp:2  | Found a shimmering altar of Xom.
 32909 | Swamp:3  | Found a glowing silver altar of Zin.
 32910 | Swamp:3  | Noticed Roxanne
 33085 | Swamp:3  | Reached XP level 17. HP: 80/154 MP: 21/21
 33261 | Swamp:3  | Reached skill level 21 in Polearms
 33704 | Swamp:4  | Entered Level 4 of the Swamp
 33741 | Swamp:4  | Reached skill level 15 in Fighting
 34392 | Swamp:4  | Noticed Bai Suzhen
 34439 | Swamp:4  | Killed Bai Suzhen
 34439 | Swamp:4  | Reached skill level 15 in Shields
 34607 | Swamp:4  | Reached skill level 15 in Armour
 34927 | Swamp:4  | Got a decaying rune of Zot
 35271 | Snake:1  | Entered Level 1 of the Snake Pit
 35364 | Snake:1  | Reached skill level 5 in Evocations
 35387 | Snake:1  | Noticed Jorgrun
 35404 | Snake:1  | Killed Jorgrun
 37479 | Snake:2  | Reached XP level 18. HP: 137/166 MP: 23/23
 39034 | Snake:4  | Entered Level 4 of the Snake Pit
 39042 | Snake:4  | Noticed Vashnia
 39336 | Orc:2    | Found Faghem's General Store.
 39336 | Orc:2    | Found Dykomaha's Jewellery Shop.
 39338 | Orc:2    | Found Homihed's Antique Armour Boutique.
 39338 | Orc:2    | Found Etzamoc's Antique Weapon Boutique.
 39342 | Orc:2    | Bought the +10 large shield of Ignorance {rN+ Int-4} for
                  | 1375 gold pieces
 39342 | Orc:2    | Found the +10 large shield of Ignorance {rN+ Int-4}
 39691 | Snake:4  | Noticed Nikola
 39836 | Snake:4  | Killed Nikola
 39980 | Snake:4  | Found an ancient bone altar of Kikubaaqudgha.
 40248 | Snake:4  | Killed Vashnia
 40774 | Snake:4  | Noticed Aizul
 40803 | Snake:4  | Killed Aizul
 41146 | Snake:4  | Reached skill level 10 in Invocations
 41594 | Snake:4  | Got a serpentine rune of Zot
 41964 | Vaults:1 | Entered Level 1 of the Vaults
 42049 | D:14     | Reached XP level 19. HP: 167/174 MP: 25/25
 43051 | Vaults:1 | Found Ypnoqigiab's Food Shop.
 44461 | Vaults:2 | Found a staircase to the Crypt.
 44461 | Vaults:2 | Found a basalt altar of Yredelemnul.
 44462 | Vaults:2 | Found an ancient bone altar of Kikubaaqudgha.
 45020 | Vaults:2 | Identified the +1 leather armour of the Hart {*Drain rPois
                  | Regen+}
 45057 | Vaults:2 | Reached XP level 20. HP: 179/187 MP: 27/27
 45107 | Vaults:2 | Identified the +4 dagger of Ash {vamp, SInv}
 45501 | Vaults:2 | Noticed Mennas
 45526 | Vaults:2 | Killed Mennas
 46398 | Vaults:3 | Found Areseguf's Antique Armour Shoppe.
 46857 | Vaults:3 | Found Yfoul's Antique Weapon Boutique.
 47157 | Vaults:3 | You fall through a shaft!
 48151 | Vaults:4 | Noticed Saint Roka
 48240 | Vaults:4 | Killed Saint Roka
 49230 | Orc:2    | Found Jicuas's Jewellery Shop.
 49365 | Orc:2    | Found a staircase to the Elven Halls.
 49576 | Elf:1    | Entered Level 1 of the Elven Halls
 49682 | Elf:1    | You fall through a shaft!
 50160 | Elf:2    | Reached XP level 21. HP: 195/195 MP: 29/29
 50171 | Elf:2    | Reached skill level 22 in Polearms
 50240 | Elf:2    | Found a runed translucent gate.
 50240 | Elf:2    | Found a runed translucent gate.
 50241 | Elf:2    | Found a runed translucent gate.
 50440 | Elf:2    | Reached skill level 10 in Evocations
 50511 | Elf:2    | Found a radiant altar of Vehumet.
 50603 | Elf:2    | Found Txops's Tempting Trifles.
 50986 | Elf:1    | Found a runed translucent door.
 50986 | Elf:1    | Found a shimmering altar of Xom.
 50986 | Elf:1    | Noticed drd's ghost (journeyman DsBe)
 51027 | Elf:1    | Killed drd's ghost
 51078 | Elf:1    | You fall through a shaft!
 51298 | Elf:1    | Identified the Handbook of the Escort
 51429 | Elf:1    | Found a portal to a secret trove of treasure.
 51863 | Elf:3    | Entered Level 3 of the Elven Halls
 52664 | Elf:3    | Identified a +8 trishula of holy wrath (a +6 demon trident
                  | of venom blessed by the Shining One)
 52664 | Elf:3    | Received a gift from the Shining One
 52752 | Elf:3    | Identified the cursed +3 scythe of Feuluvor {slice, rPois
                  | Dex+3}
 52863 | Elf:3    | Identified the Tome of Enhancements
 53040 | Elf:3    | Found a gateway to a bazaar.
 53040 | Elf:3    | Identified the +2 ring mail "Xotoheuja" {rPois Int+9 Dex-2}
 53113 | Elf:3    | Reached XP level 22. HP: 206/206 MP: 30/30
 53138 | Bazaar   | Entered a bazaar
 53138 | Bazaar   | Found Janwoum's Weapon Boutique.
 53138 | Bazaar   | Found Esekom's Antique Weapon Shoppe.
 53167 | Bazaar   | Found Ycleur Bappe's Antique Weapon Shop.
 53169 | Bazaar   | Found Rofeuwn's Gadget Boutique.
 53178 | Bazaar   | Found Cawy's Gadget Emporium.
 53196 | Bazaar   | Bought a phantom mirror for 480 gold pieces
 53899 | Depths:1 | Entered Level 1 of the Depths
 54002 | Depths:1 | Found Miabyuh's Food Emporium.
 54243 | D:15     | Reached skill level 23 in Polearms
 54489 | D:15     | Got a twitching amethyst amulet
 54491 | D:15     | Identified the amulet of Moodiness {Spirit MP+9} (You
                  | acquired it on level 15 of the Dungeon)
 54655 | Depths:1 | Found a gateway to Hell.
 54826 | Depths:1 | Found a glowing golden altar of the Shining One.
 55138 | Depths:1 | Reached XP level 23. HP: 204/214 MP: 31/31
 55480 | Depths:1 | Reached skill level 1 in Throwing
 55685 | Depths:2 | Found a gateway to a ziggurat.
 55782 | Depths:2 | Noticed a juggernaut
 55814 | Depths:2 | Killed a juggernaut
 55841 | Depths:2 | Identified the cursed +0 morningstar of Buomuza {freeze,
                  | rElec}
 55891 | Depths:2 | Reached skill level 5 in Throwing
 56238 | Depths:2 | Got a pitted wooden ring
 56240 | Depths:2 | Identified the ring "Akhlismus" {+Blink rF+ AC+3 Stlth+}
                  | (You found it on level 2 of the Depths)
 56907 | Depths:3 | Found a one-way gate to the infinite horrors of the Abyss.
 57291 | Depths:3 | Found a one-way gate leading to the halls of Pandemonium.
 57907 | Swamp:3  | Killed Roxanne
 58343 | Depths:4 | Found Kump's Antique Armour Boutique.
 58385 | Depths:4 | Found a flickering gateway to a bazaar.
 58403 | Bazaar   | Entered a bazaar
 58416 | Bazaar   | Found Zisayjats's Food Shoppe.
 58416 | Bazaar   | Found Sad Ucau's Magic Scroll Shoppe.
 58434 | Bazaar   | Bought a scroll of brand weapon for 260 gold pieces
 58452 | Bazaar   | Found Roarekh's Gadget Emporium.
 58452 | Bazaar   | Found Amurinew's Book Emporium.
 58508 | Bazaar   | Bought a ration for 35 gold pieces
 58508 | Bazaar   | Bought a ration for 35 gold pieces
 58508 | Bazaar   | Bought a ration for 35 gold pieces
 58508 | Bazaar   | Bought a ration for 35 gold pieces
 58508 | Bazaar   | Bought a ration for 35 gold pieces
 58508 | Bazaar   | Bought a ration for 35 gold pieces
 58508 | Bazaar   | Bought a ration for 35 gold pieces
 58508 | Bazaar   | Bought a ration for 35 gold pieces
 58508 | Bazaar   | Bought a ration for 35 gold pieces
 58508 | Bazaar   | Bought a ration for 35 gold pieces
 58559 | Depths:4 | Noticed Louise
 58588 | Depths:4 | Killed Louise
 58794 | Depths:4 | Reached XP level 24. HP: 200/225 MP: 31/31
 59191 | Depths:4 | Found Ejiyrairr's Antique Weapon Emporium.
 59487 | Depths:4 | Found Ataheot's Assorted Antiques.
 59495 | Depths:4 | Bought a potion of heal wounds for 200 gold pieces
 60051 | Depths:4 | Reached skill level 24 in Polearms
 60379 | Depths:5 | Entered Level 5 of the Depths
 61213 | Depths:5 | Found a gate to the Realm of Zot.
 61686 | Depths:4 | Voluntarily entered the Abyss.
 61687 | Abyss:1  | Found a corrupted altar of Lugonu.
 61742 | Abyss:1  | Found a corrupted altar of Lugonu.
 61904 | Abyss:2  | Found a corrupted altar of Lugonu.
 61992 | Abyss:2  | Identified a +2 pair of boots of running (You found it on
                  | level 2 of the Abyss)
 62563 | Abyss:2  | Reached skill level 10 in Throwing
 62597 | Abyss:2  | Gained mutation: You are weak. (Str -2) [a cacodemon]
 62726 | Abyss:3  | Identified the +7 large shield of Infinity {rF++ rN+ Int-2}
 62744 | Abyss:3  | Reached XP level 25. HP: 217/235 MP: 31/31
 63202 | Abyss:4  | Found a basalt altar of Yredelemnul.
 63298 | Abyss:4  | Lost intelligence.
 63507 | Abyss:4  | Reached skill level 25 in Polearms
 63520 | Abyss:4  | Gained mutation: You do not regenerate when monsters are
                  | visible. [a neqoxec]
 63522 | Abyss:4  | Gained mutation: You are frail. (-10% HP) [a neqoxec]
 63527 | Abyss:4  | Lost intelligence.
 63532 | Abyss:4  | Gained mutation: You are dopey. (Int -2) [a neqoxec]
 63596 | Abyss:4  | Lost intelligence.
 63668 | Abyss:4  | Found a corrupted altar of Lugonu.
 63677 | Abyss:4  | Paralysed by accursed screaming for 1 turns
 64039 | Abyss:4  | Lost intelligence.
 64118 | Abyss:4  | Lost intelligence.
 64200 | Abyss:4  | Lost mutation: Armour fits poorly on your strangely shaped
                  | body. [potion of mutation]
 64200 | Abyss:4  | Lost mutation: You are dopey. (Int -2) [potion of mutation]
 64200 | Abyss:4  | Gained mutation: You expend magic power (3 MP) to
                  | strengthen your wands. [potion of mutation]
 64201 | Abyss:4  | Lost mutation: You are very frail. (-20% HP) [potion of
                  | mutation]
 64201 | Abyss:4  | Lost mutation: You are weak. (Str -2) [potion of mutation]
 64201 | Abyss:4  | Lost mutation: You expend magic power (3 MP) to strengthen
                  | your wands. [potion of mutation]
 64201 | Abyss:4  | Gained mutation: You are resistant to electric shocks.
                  | (rElec) [potion of mutation]
 64277 | Abyss:5  | Entered Level 5 of the Abyss
 64277 | Abyss:5  | Entered Level 5 of the Abyss
 64277 | Abyss:5  | Found a corrupted altar of Lugonu.
 64337 | Abyss:5  | Found a corrupted altar of Lugonu.
 64371 | Depths:4 | Escaped the Abyss
 64812 | Depths:4 | Lost mutation: You are resistant to electric shocks.
                  | (rElec) [potion of mutation]
 64812 | Depths:4 | Gained mutation: You evolve. [potion of mutation]
 64812 | Depths:4 | Gained mutation: Your system is resistant to poisons.
                  | (rPois) [potion of mutation]
 65148 | Vaults:5 | Entered Level 5 of the Vaults
 65672 | Vaults:5 | Gained mutation: You have sharp toenails. [evolution]
 66011 | Vaults:5 | Reached skill level 26 in Polearms
 66019 | Vaults:5 | Noticed an ancient lich
 66031 | Vaults:4 | Reached XP level 26. HP: 178/246 MP: 31/31
 66176 | Vaults:4 | Killed an ancient lich
 66715 | Vaults:4 | Upgraded the game from 0.23.1 to 0.23.1-37-gaa34b87b72
 66968 | Vaults:5 | Identified Fuiw's Papyrus of Transformation
 66971 | Vaults:5 | Got a silver rune of Zot
 66974 | Vaults:5 | Identified the Compendium of Enthralling Translocation
 66982 | Vaults:5 | Identified the Grimoire of Cloudy Necromancy
 66997 | Vaults:5 | Got a warped chain mail
 67008 | Vaults:5 | Identified the +0 chain mail of Wu Jian's Esteem {MR++
                  | Str-5} (You found it on level 5 of the Vaults)
 67193 | Vaults:5 | Paralysed by a floating eye for 2 turns
 67202 | Vaults:5 | Identified the ring "Gulaeget" {*Corrode rElec rPois Str-4
                  | Stlth-}
 67369 | Vaults:5 | Identified the +1 battleaxe "Ysaith" {vamp, rF+ rN+ Int+4}
 67390 | Vaults:5 | Reached skill level 27 in Polearms
 68495 | Zot:1    | Entered Level 1 of the Realm of Zot
 68495 | Zot:1    | Noticed an orb of fire
 68779 | Depths:5 | HP: 11/253 [poisoned by a green draconian]
 68780 | Depths:5 | HP: 4/253 [golden dragon (5)]
 68782 | Depths:5 | Succumbed to a green draconian's poison

Skill      XL: |  1  2  3  4  5  6  7  8  9 10 11 12 13 14 15 16 17 18 19 20 21 22 23 24 25 26 |
---------------+-------------------------------------------------------------------------------+-----
Polearms       | 3 4 5 6 8 9 10 11 12 13 15 16 17 18 19 20 21 22 23 24 26 27 | 27.0
Fighting       | 4 5 7 8 9 11 12 13 14 15 16 17 18 19 20 21 22 23 | 23.7
Translocations | 1 2 3 |  3.6
Armour         | 5 6 7 9 10 11 12 13 14 15 16 17 18 19 20 21 22 | 22.0
Shields        | 5 6 8 9 10 11 12 13 14 15 16 17 18 19 20 21 22 | 22.0
Dodging        | 5 8 10 11 13 14 | 14.0
Invocations    | 1 4 6 8 10 11 12 13 | 13.0
Evocations     | 3 5 7 9 10 | 10.0
Throwing       | 8 10 11 | 11.5

Action                   |  1- 3 |  4- 6 |  7- 9 | 10-12 | 13-15 | 16-18 | 19-21 | 22-24 | 25-27 || total
-------------------------+-------+-------+-------+-------+-------+-------+-------+-------+-------++-------
Melee: Trident           |    85 |   177 |   322 |   766 |  1873 |  2671 |  2604 |       |       ||  8498
       Headbutt          |     5 |    23 |    55 |   178 |   405 |   566 |   654 |   386 |   256 ||  2528
       Trishula          |       |       |       |       |       |       |    73 |  1602 |  1091 ||  2766
Invok: Summon Divine War |       |       |       |       |       |       |     4 |     4 |     6 ||    14
       Divine Shield     |       |       |       |       |       |       |     1 |       |       ||     1
       Brand Weapon With |       |       |       |       |       |       |     1 |       |       ||     1
       Cleansing Flame   |       |       |       |       |       |       |       |       |     7 ||     7
 Abil: Evoke Flight      |       |       |       |       |       |       |     1 |     1 |       ||     2
       Stop Flying       |       |       |       |       |       |       |       |     1 |       ||     1
Evoke: Wand              |       |       |       |       |       |       |       |       |     1 ||     1
  Use: Scroll            |       |     4 |    14 |     4 |     9 |     8 |     5 |     4 |     1 ||    49
       Potion            |       |       |       |       |       |     5 |     6 |       |    16 ||    27
  Eat: Chunk             |     2 |     7 |    12 |    20 |    33 |    13 |    29 |    15 |     8 ||   139
       Ration            |       |       |       |     1 |     4 |    10 |     3 |     6 |     4 ||    28
Armor: Scale mail        |    25 |    49 |     2 |       |       |       |       |       |       ||    76
       Plate armour      |       |       |    68 |   145 |   371 |       |       |       |       ||   584
       Crystal plate arm |       |       |       |       |    64 |   673 |   236 |   172 |   528 ||  1673
       Skin              |       |       |       |       |       |       |     2 |       |    14 ||    16
Dodge: Dodged            |    10 |    23 |    33 |   113 |   459 |   522 |   180 |   175 |   331 ||  1846
Block: Shield            |    29 |    72 |    90 |   218 |   686 |   870 |       |       |       ||  1965
       Large shield      |       |       |       |       |       |   593 |  1803 |  1118 |  1461 ||  4975
       Reflection        |       |       |       |       |       |       |       |    65 |    60 ||   125
       Other             |       |       |       |       |       |       |       |       |     1 ||     1
